 Seeded DCSS version 0.32-a0-705-g60f233581c (webtiles) character file.

Game seed: 7220356206648857820 (custom seed)

3561 Griffin23 the Carver (level 9, -3/82 HPs)
             Began as a Minotaur Fighter on Mar 14, 2024.
             Was a Priest of Elyvilon.
             Slain by a wolf (8 damage)
             ... led by Grum
             ... on level 8 of the Dungeon.
             The game lasted 00:11:07 (5681 turns).

Griffin23 the Carver (Minotaur Fighter)             Turns: 5681, Time: 00:11:07

Health: -3/82      AC: 17    Str: 24    XL:     9   Next: 83%
Magic:  8/8        EV:  7    Int:  5    God:    Elyvilon [***...]
Gold:   322        SH:  6    Dex: 14    Spells: 8/8 levels left

rFire   . . .        w - +8 long sword "Joaqio" {venom, Dex+3}
rCold   . . .        c - +0 buckler
rNeg    . . .        l - +0 chain mail
rPois   .            x - +0 hat
rElec   .            v - +0 cloak
rCorr   .            d - +0 pair of gloves
SInv    .            (no boots)
Will    .....        (no amulet) Stlth
                     h - +4 ring of protection
HPRegen 0.33/turn    (no ring)
MPRegen 0.11/turn

%: no passive effects
@: about to teleport, slowed, very slow
A: horns 2, retaliatory headbutt
a: Renounce Religion, Purification, Heal Other, Heal Self


You were on level 8 of the Dungeon.
You worshipped Elyvilon.
Elyvilon was most pleased with you.
You visited 1 branch of the dungeon, and saw 8 of its levels.
You also visited: Sewer.

You collected 377 gold pieces.
You spent 55 gold pieces at shops.

Inventory:

Hand Weapons
 a - a +0 long sword
 w - the +8 long sword "Joaqio" (weapon) {venom, Dex+3}
   (You found it on level 4 of the Dungeon)

   Dex+3:     It affects your dexterity (+3).
Missiles
 f - a throwing net (quivered)
 D - 5 silver javelins
Armour
 b - a +0 scale mail
 c - a +0 buckler (worn)
 d - a +0 pair of gloves (worn)
 l - a +0 chain mail (worn)
 v - a +0 cloak (worn)
 x - a +0 hat (worn)
Jewellery
 g - an amulet of faith
 h - a +4 ring of protection (left hand)
 q - an amulet of faith
Wands
 r - a wand of flame (72)
Scrolls
 i - 2 scrolls of butterflies
 k - a scroll of revelation
 m - 2 scrolls of fear
 n - a scroll of vulnerability {unknown}
 o - a scroll of fog
 s - a scroll of enchant weapon {unknown}
 t - a scroll of amnesia
 y - 2 scrolls of enchant armour {unknown}
 E - a scroll of noise {unknown}
Potions
 e - a potion of haste
 j - a potion of attraction {unknown}
 p - 2 potions of lignification {unknown}
 z - 2 potions of enlightenment
 A - 2 potions of heal wounds
 B - 2 potions of curing
 C - a potion of invisibility {unknown}
 F - a potion of brilliance {unknown}


   Skills:
 + Level 8.5 Fighting
 * Level 10.8 Long Blades
 + Level 8.5 Armour
 + Level 8.5 Shields


You had 8 spell levels left.
You didn't know any spells.
Your spell library contained the following spells:

 Spells                   Type           Power      Damage    Failure   Level
 Frozen Ramparts          Ice            0%         1d1       100%        3
 Ozocubu's Armour         Ice            0%         N/A       100%        3
 Metabolic Englaciation   Hex/Ice        0%         N/A       100%        5


Dungeon Overview and Level Annotations

Branches:
Dungeon (9/15)             Temple (0/1) D:4           Sewer (visited)
   Lair: D:8-11         Orc: D:9-12

Altars:
Elyvilon
Hepliaklqana
Nemelex Xobeh
Ru
Zin

Shops:
D:6 *

Annotations:
D:9 Erica, Grum


Innate Abilities, Weirdness & Mutations

You have a pair of horns on your head.
You reflexively headbutt those who attack you in melee.


Message History

* * * LOW HITPOINT WARNING * * *
The kobold throws a stone.
You block the kobold brigand's attack. You block the kobold's attack.
The kobold moves out of view.
You closely miss the kobold brigand.
The kobold brigand is almost dead.
Your surroundings suddenly seem different.
Grum, 2 wolves, a two-headed ogre and 6 kobolds come into view.
A kobold brigand is wielding a +0 dagger and quivering poisoned darts.
Found an embroidered hat and a book of Movement.
Found a stone staircase leading down and a stone staircase leading up.
You feel sick.
The wolf howls! x2; The two-headed ogre shouts in stereo!
The kobold brigand shouts!
The kobold shouts! x3; You hear a howl!
A wolf comes into view.
The kobold throws a stone.
The stone barely misses you.
You feel sick.
You are no longer poisoned.
The wolf bites you but does no damage.
You block the two-headed ogre's attack. x2
The wolf bites you but does no damage. The kobold hits you but does no damage.
The wolf attacks as it pursues you!
The wolf bites you but does no damage. x2
The two-headed ogre hits you but does no damage.
The two-headed ogre hits you with a +0 giant club.
Elyvilon protects you from harm!
There is a stone staircase leading up here.
Okay, then.
You feel a bit more experienced. The wolf barely misses you. x2
You furiously retaliate!
You headbutt the wolf!
The wolf bites you but does no damage. x2
The two-headed ogre closely misses you. You furiously retaliate!
You headbutt the two-headed ogre! The two-headed ogre closely misses you.
You climb upwards.
Reactivating autopickup.
Found a hand axe.
There is a stone staircase leading down here.
As you read the scroll of teleportation, it crumbles to dust.
You feel strangely unstable. The wolf closely misses you.
The wolf bites you but does no damage. x2
You block the two-headed ogre's attack. x2
The wolf closely misses you. The wolf bites you!
You die...

#
...##.###
.....)O@#
##.#..#h#
#. #.# #
#.# #.#
#.# ..#
###


You could see a two-headed ogre and a wolf.

Vanquished Creatures
  Grinder (D:5)
  Sigmund (D:3)
  A steam dragon (D:6)
  Edmund (D:5)
  Duvessa (D:4)
  3 water moccasins
  Pargi (D:4)
  2 black bears
  A sky beast (D:6)
  2 ogres
  3 centaurs
  2 kobold brigands
  2 bullfrogs
  3 scorpions
  5 wights (D:6)
  Dowan (D:4)
  A howler monkey (D:4)
  2 bombardier beetles (D:5)
  3 orc priests (D:6)
  A jelly (D:5)
  3 hounds
  Crazy Yiuf (D:3)
  2 gnoll boudas
  Ijyb (D:3)
  3 sleepcaps
  Terence (D:3)
  5 iguanas
  6 orc wizards
  3 gnolls (D:6)
  A river rat (Sewer)
  12 adders
  A shadow imp (D:5)
  3 ribbon worms
  A dart slug (D:4)
  12 orcs
  5 ball pythons
  6 endoplasms
  5 giant cockroaches
  7 goblins
  A hobgoblin (D:2)
  2 jackals (Sewer)
  2 quokkas
  4 bats
  3 frilled lizards
  9 kobolds
  6 rats
142 creatures vanquished.

Notes
Turn   | Place    | Note
-------+----------+-------------------------------------------
     0 | D:1      | Griffin23 the Minotaur Fighter began the quest for the Orb.
     0 | D:1      | Reached XP level 1. HP: 19/19 MP: 0/0
   438 | D:2      | Reached XP level 2. HP: 23/27 MP: 1/1
   519 | D:2      | Reached skill level 3 in Long Blades
   519 | D:2      | Reached XP level 3. HP: 32/33 MP: 2/2
   570 | D:2      | Noticed a glass eye
   573 | D:2      | Found a faded altar of an unknown god.
   574 | D:2      | Noticed a glass eye
   574 | D:2      | Noticed an eye of devastation
   574 | D:2      | Noticed an eye of devastation
   594 | D:2      | Prayed at the altar of an unknown god.
   594 | D:2      | Became a worshipper of Elyvilon the Healer
   594 | D:2      | Reached * piety under Elyvilon
  1014 | D:3      | Reached XP level 4. HP: 36/41 MP: 3/3
  1020 | D:3      | Noticed Sigmund
  1080 | D:3      | Killed Sigmund
  1081 | D:3      | Reached skill level 4 in Long Blades
  1081 | D:3      | Reached XP level 5. HP: 47/47 MP: 4/4
  1301 | D:3      | Noticed Ijyb
  1314 | D:3      | Killed Ijyb
  1315 | D:3      | Reached skill level 5 in Shields
  1315 | D:3      | Reached XP level 6. HP: 31/55 MP: 5/5
  1523 | D:3      | Reached skill level 5 in Fighting
  1572 | D:3      | Found a runed translucent door.
  1573 | D:3      | Noticed Crazy Yiuf
  1626 | D:3      | Noticed Terence
  1635 | D:3      | Killed Terence
  1636 | D:3      | Reached skill level 5 in Armour
  1866 | D:3      | Reached ** piety under Elyvilon
  2126 | D:3      | Killed Crazy Yiuf
  2127 | D:3      | Reached skill level 5 in Long Blades
  2268 | D:4      | Identified the +8 long sword "Joaqio" {venom, Dex+3}
  2423 | D:4      | Noticed a water moccasin
  2429 | D:4      | Killed a water moccasin
  2430 | D:4      | Reached XP level 7. HP: 61/61 MP: 6/6
  2461 | D:4      | Found a staircase to the Ecumenical Temple.
  2491 | D:4      | Found a glowing drain.
  2497 | D:4      | Reached skill level 6 in Long Blades
  2505 | Sewer    | Entered a sewer
  2608 | Sewer    | Found a white marble altar of Elyvilon.
  2847 | D:4      | Noticed Duvessa
  2848 | D:4      | Noticed Dowan
  2855 | D:4      | Killed Duvessa
  2858 | D:4      | Killed Dowan
  2973 | D:4      | Noticed Pargi
  2979 | D:4      | Killed Pargi
  3069 | D:4      | Reached skill level 7 in Long Blades
  3456 | D:5      | Entered Level 5 of the Dungeon
  3467 | D:5      | Noticed Edmund
  3476 | D:5      | Killed Edmund
  3477 | D:5      | Reached XP level 8. HP: 59/70 MP: 7/7
  3568 | D:5      | Reached skill level 8 in Long Blades
  3631 | D:5      | Found a glowing silver altar of Zin.
  3772 | D:5      | Found a sparkling altar of Nemelex Xobeh.
  3809 | D:5      | Reached *** piety under Elyvilon
  3906 | D:5      | Found a hazy altar of Hepliaklqana.
  4072 | D:5      | Noticed Grinder
  4088 | D:5      | Killed Grinder
  4144 | D:5      | Reached skill level 9 in Long Blades
  4569 | D:6      | Reached XP level 9. HP: 72/78 MP: 8/8
  4917 | D:6      | Found Nelishryvva's General Store.
  4925 | D:6      | Bought a potion of heal wounds for 55 gold pieces
  4943 | D:6      | Reached skill level 10 in Long Blades
  5546 | D:6      | You fall into a shaft and drop 3 floors!
  5586 | D:9      | Found a sacrificial altar of Ru.
  5661 | D:9      | Noticed Erica
  5674 | D:9      | HP: 3/82 [something (2)]
  5675 | D:9      | Noticed Grum
  5675 | D:9      | Noticed a two-headed ogre
  5677 | D:9      | Elyvilon protects you from harm!
  5681 | D:8      | Slain by a wolf

Illustrated notes

Levels and vault maps discovered:
D:1:      giann_bridges, layout_rooms
D:2:      layout_basic, hellmonk_ecumenical_altar_watching_god,
          wander_ebering_terrifying_dragon_lair
D:3:      layout_loops_corners, uniq_ijyb, uniq_sigmund,
          uniq_crazy_yiuf_cottage, uniq_terence
D:4:      layout_basic, temple_doors_cd, portal_sewer_entry_d, uniq_duvessa,
          uniq_pargi
D:5:      minmay_chambers_of_threes, layout_basic,
          nicolae_overflow_crystal_walls, lemuel_tele_altar,
          general_overflow_altar, uniq_grinder, uniq_edmund
D:6:      layout_loops_cross, serial_shops, nicolae_shop_just_a_little_nook
D:8:      layout_basic
D:9:      hellmonk_ruined_rings, layout_gridville, marbit_many_paths,
          uniq_gastronok, uniq_harold, uniq_grum, uniq_erica

Skill      XL: |  1  2  3  4  5  6  7  8  9 |
---------------+----------------------------+-----
Fighting       | 4 5 6 7 8 |  8.5
Shields        | 4 5 6 7 8 |  8.5
Long Blades    | 3 4 5 7 9 10 | 10.8
Armour         | 4 5 6 7 8 |  8.5

Action                     |  1- 3 |  4- 6 |  7- 9 || total
---------------------------+-------+-------+-------++-------
  Melee: Long sword        |    86 |    52 |   224 ||   362
         Headbutt          |     7 |    11 |    35 ||    53
    Use: Scroll            |       |     2 |     6 ||     8
         Potion            |       |     2 |     1 ||     3
 Armour: Chain mail        |    73 |    37 |   211 ||   321
         Scale mail        |    11 |       |       ||    11
  Dodge: Dodged            |    30 |    17 |    76 ||   123
  Block: Buckler           |    16 |    11 |    77 ||   104

Table legend: (Time is in decaauts)
 A = Elapsed time spent in this place.
 B = Non-inter-level travel time spent in this place.
 C = Inter-level travel time spent in this place.
 D = Time resting spent in this place.
 E = Time spent auto-exploring this place.
 F = Levels seen in this place.
 G = Mean time per level.
                   A        B        C        D        E       F      G
               +--------+--------+--------+--------+--------+-----+--------+
         Total |   5806 |   5463 |    343 |     44 |   4383 |   9 |  645.1 |
       Dungeon |   5504 |   5161 |    343 |     44 |   4230 |   8 |  688.0 |
         Sewer |    301 |    301 |      0 |      0 |    152 |   1 |  301.0 |
               +--------+--------+--------+--------+--------+-----+--------+

Top non-repeatable levels by time:
     D:3: 1252 daAuts
     D:5: 1112 daAuts
     D:6: 975 daAuts
     D:4: 947 daAuts
     D:2: 669 daAuts
     D:1: 410 daAuts
   Sewer: 301 daAuts
     D:9: 134 daAuts
     D:8: 2 daAuts
